 Dungeon Crawl Stone Soup version 0.29.1-1-gd02db6906a (webtiles) character file.

Game seed: 18283694674578395974

42 MajorAdolf the Sneak (level 3, -2/33 HPs)
             Began as a Naga Wanderer on Oct 8, 2022.
             Slain by a gnoll
             ... wielding a +0 club
              (4 damage)
             ... on level 1 of the Dungeon.
             The game lasted 00:01:27 (1400 turns).

MajorAdolf the Sneak (Naga Wanderer)                Turns: 1400, Time: 00:01:28

Health: -2/33      AC:  6    Str: 14    XL:     3   Next: 56%
Magic:  4/4        EV:  4    Int: 11    God:
Gold:   45         SH:  0    Dex: 13    Spells: 3/4 levels left

rFire   . . .      SeeInvis +   e - +4 dagger
rCold   . . .      Faith    .   (no shield)
rNeg    . . .      Spirit   .   k - +0 chain mail
rPois   +          Reflect  .   (no helmet)
rElec   .          Harm     .   (no cloak)
rCorr   .          Rampage  .   b - +0 pair of gloves
Will    .....                   (no barding)
Stlth   ..........              (no amulet)
HPRegen 0.11/turn               (no ring)
MPRegen 0.09/turn               (no ring)

@: very slow
A: AC +1, large, see invisible, deformed body, poison resistance, slowness 2,
spit poison 1, naga tail 1
a: Spit Poison


You were on level 1 of the Dungeon.
You visited 1 branch of the dungeon, and saw 2 of its levels.

You collected 45 gold pieces.

Inventory:

Hand Weapons
 a - a +0 flail
 e - a +4 dagger (weapon)
Armour
 b - a +0 pair of gloves (worn)
 d - a +0 leather armour
 j - a +0 ring mail
 k - a +0 chain mail (worn)
Scrolls
 c - a scroll of fear
 g - a scroll of immolation {unknown}
 h - 2 scrolls of identify {unknown}
 l - a scroll of teleportation {unknown}
Potions
 f - a potion of curing {unknown}
 i - a potion of heal wounds {unknown}


   Skills:
 + Level 2.6 Fighting
 - Level 2.0 Maces & Flails
 - Level 1.0 Throwing
 + Level 2.0 Armour
 - Level 4.4 Stealth
 - Level 1.0 Spellcasting
 - Level 1.0 Necromancy


You had 3 spell levels left.
You knew the following spells:

 Your Spells              Type           Power      Damage    Failure   Level
a - Necrotise             Necr           8%         1d4       99%         1

Your spell library contained the following spells:

 Spells                   Type           Power      Damage    Failure   Level
 Vampiric Draining        Necr           2%         2d6       100%        3


Dungeon Overview and Level Annotations

Branches:
Dungeon (2/15)

Altars:
Ru


Innate Abilities, Weirdness & Mutations

Your serpentine skin is tough. (AC +1)
You have supernaturally acute eyesight. (SInv)
Armour fits poorly on your strangely shaped body.
Your system is resistant to poisons. (rPois)
You cover ground very slowly.
You can spit poison.
You have a snake-like lower body.


Message History

Found a stone staircase leading up.
The gnoll shouts!
A gnoll comes into view. It is wielding a +0 club.
An adder comes into view.
The adder hisses angrily.
The dart slug bites you.
You hit the dart slug.
The dart slug is lightly wounded.
The dart slug launches a dart at you. The slug dart hits you.
You puncture the dart slug!
The dart slug is severely wounded.
The gnoll hits you but does no damage.
The dart slug bites you but does no damage.
Unknown command.
The gnoll hits you with a +0 club. The gnoll barely misses you.
Found 5 stones.
The gnoll hits you but does no damage.
There is a stone staircase leading up here.
The adder bites you but does no damage. The gnoll hits you with a +0 whip.
The gnoll hits you with a +0 club.
You climb upwards.
There is a stone staircase leading down here.
Unknown command.
You completely miss the gnoll. The adder bites you.
The gnoll hits you but does no damage. The gnoll hits you with a +0 club.
The adder bites you but does no damage.
You barely miss the gnoll. The gnoll hits you with a +0 whip.
The adder bites you.
* * * LOW HITPOINT WARNING * * *
The gnoll hits you with a +0 club.
* * * LOW HITPOINT WARNING * * *
Unknown command.
Okay, then.
You hit the gnoll.
The gnoll is moderately wounded.
The adder completely misses you. The gnoll hits you with a +0 whip.
* * * LOW HITPOINT WARNING * * *
The gnoll hits you with a +0 club.
You die...

...............#..#.....##.##.†..
...#####.#....###.#.....##.##.#..
...# #.##..## ##.#######.##.##.
...# #.##.## ##.# #.[..... ...#
#.###.## ##.## ####.### ...#
#.####.###.## #.# ...#
#.......#.##### #.#
#.#############g##...###### #.#
#.........# #S@g........###.#
########### ####...####.....#
......# #♣#♣# ##### #######
#####.####.♣.## #.......#P#<#P#
#.###.####P.P## #.# #...#P♣.♣P#
#.# #####♣...♣# #.### #.....#


You could see 2 gnolls and an adder.

Vanquished Creatures
  An adder (D:2)
  3 ball pythons (D:1)
  3 bats
  5 endoplasms (D:1)
  3 giant cockroaches
  3 goblins (D:1)
  2 hobgoblins (D:1)
  A quokka (D:1)
  2 frilled lizards (D:1)
  3 kobolds
  4 rats (D:1)
30 creatures vanquished.

Notes
Turn   | Place    | Note
-------+----------+-------------------------------------------
     0 | D:1      | MajorAdolf the Naga Wanderer began the quest for the Orb.
     0 | D:1      | MajorAdolf set off with the following items: a +0 flail, a
                  | +0 pair of gloves, a scroll of fear, a +0 leather armour;
                  | and the following spell memorised: Necrotise; and the
                  | following spells available to memorise: Vampiric Draining.
     0 | D:1      | Reached XP level 1. HP: 15/15 MP: 2/2
   299 | D:1      | Reached skill level 1 in Fighting
   322 | D:1      | Reached XP level 2. HP: 25/25 MP: 3/3
   917 | D:1      | Reached XP level 3. HP: 31/33 MP: 4/4
  1216 | D:2      | Found a sacrificial altar of Ru.
  1387 | D:2      | Identified the +3 buckler "Luutt" {Dex+4}
  1400 | D:1      | Slain by a gnoll

Illustrated notes

Levels and vault maps discovered:
D:1:      tarquinn_simple_flora_water_d, layout_loops_cross,
          minmay_misc_feat_alley
D:2:      layout_rooms, serial_shops, shop_statue, basic_ecumenical_altar,
          basic_altar, hex_medium, serial_park_tiny_pond, uniq_jessica

Skill      XL: |  1  2  3 |
---------------+----------+-----
Fighting       | 1 2 |  2.6
Armour         | 2 |  2.0
Maces & Flails | |  2.0
Throwing       | |  1.0
Stealth        | |  4.4
Spellcasting   | |  1.0
Necromancy     | |  1.0

Action                   || total
-------------------------++-------
Melee: Flail             ||    12
       Dagger            ||    61
       Punch             ||     2
 Abil: Spit Poison       ||     1
 Stab: Sleeping          ||     5
Armor: Leather armour    ||     7
       Ring mail         ||     7
       Chain mail        ||    25
Dodge: Dodged            ||    20
